 Dungeon Crawl Stone Soup version 0.21-a0-278-ga722497 (webtiles) character file.

852 dududu the Sneak (level 8, -8/54 HPs)
             Began as an Octopode Fighter on Sept 20, 2017.
             Was a Believer of Kikubaaqudgha.
             Killed from afar by Ijyb (11 damage)
             ... with a wand of acid (?/15)
             ... on level 4 of the Dungeon.
             The game lasted 00:42:17 (5983 turns).

dududu the Sneak (Octopode Fighter)                 Turns: 5983, Time: 00:42:18

Health: -8/54      AC:  1    Str: 15    XL:     8   Next: 1%
Magic:  8/8        EV: 12    Int: 12    God:    Kikubaaqudgha [**....]
Gold:   120        SH: 10    Dex: 12    Spells: 4/7 levels left

rFire    + . .     SeeInvis .   a - +0 trident
rCold    . . .     Gourm    .   p - +1 shield
rNeg     . . .     Faith    .   (helmet restricted)
rPois    .         Spirit   .   (no amulet)
rElec    .         Reflect  .   h - ring of protection from fire
rCorr    +         Harm     .   e - ring of resist corrosion
MR       .....                  (no ring)
Stlth    ++++......             (no ring)
HPRegen  0.18/turn              (no ring)
MPRegen  0.11/turn              (no ring)
                                (no ring)
                                (no ring)

@: no status effects
A: almost no armour, stealthy swim, amphibious, 8 rings, constrict 8, camouflage
1, gelatinous body 1
a: Receive Corpses, Renounce Religion


You were on level 4 of the Dungeon.
You worshipped Kikubaaqudgha.
Kikubaaqudgha was pleased with you.
You were not hungry.

You visited 1 branch of the dungeon, and saw 5 of its levels.

You collected 292 gold pieces.
You spent 172 gold pieces at shops.

Inventory:

Hand Weapons
 a - a +0 trident (weapon)
 b - a +0 hunting sling
Missiles
 f - 134 stones (quivered)
 s - 32 sling bullets
Armour
 p - a +1 shield (worn)
Jewellery
 e - a ring of resist corrosion (right tentacle)
 h - a ring of protection from fire (left tentacle)
 q - an uncursed amulet of the gourmand {unknown}
Wands
 g - a wand of confusion (21/48)
 x - a wand of flame (48/48)
Scrolls
 i - 3 scrolls of remove curse
 y - a scroll of recharging
 A - 2 scrolls of teleportation {unknown}
Potions
 j - a potion of cancellation {unknown}
 l - 2 potions of berserk rage {unknown}
 m - 3 potions of resistance
 n - 2 potions of agility
 r - 2 potions of ambrosia {unknown}
 w - a potion of mutation {unknown}
Books
 v - Kikubaaqudgha's Guide on Darkness
   (Kikubaaqudgha gifted it to you on level 3 of the Dungeon)

   Spells                             Type                      Level
   a - Pain                           Necromancy                   1
   b - Corpse Rot                     Necromancy                   2
   c - Sublimation of Blood           Necromancy                   2
   d - Regeneration                   Charms/Necromancy            3
   e - Control Undead                 Necromancy                   4
Comestibles
 c - 4 chunks of flesh
 d - 3 bread rations
 k - 2 meat rations
 o - 2 fruits
 t - 2 royal jellies


   Skills:
 + Level 4.4 Fighting
 + Level 3.4 Polearms
 - Level 4.0 Dodging
 - Level 5.4 Stealth
 * Level 5.1 Shields
 * Level 3.2 Necromancy
 + Level 1.3 Evocations


You had 4 spell levels left.
You knew the following spells:

 Your Spells              Type           Power        Failure   Level  Hunger
a - Pain                  Necr           #...         30%         1    ##.....
b - Corpse Rot            Necr           N/A          43%         2    ###....


Dungeon Overview and Level Annotations

Branches:
Dungeon (5/15)
 Temple: D:4-7

Altars:
Cheibriados
Dithmenos
Gozag
Kikubaaqudgha
Makhleb
Zin
The Shining One

Shops:
D:5 }=

Annotations:
D:4 exclusion: ogre, Ijyb, Menkaure
D:5 exclusion: upstairs


Innate Abilities, Weirdness & Mutations

You cannot wear most types of armour.
You are very stealthy in the water. (Stealth+)
You are amphibious.
You can wear up to eight rings at the same time.
You can use your tentacles to constrict eight enemies at once.
Your skin changes colour to match your surroundings (Stealth+).
Your rubbery body absorbs attacks. (AC +1, EV +1)


Message History

You hit Ijyb.
Ijyb is heavily wounded.
You constrict Ijyb.
Ijyb zaps a wand.
The bolt of acid hits you! You resist.
You are splashed with acid!
The acid burns!
You resist.
It is a wand of acid (?/15).
Ijyb zaps a wand.
The bolt of acid misses you.
You hit Ijyb but do no damage.
Ijyb is heavily wounded.
You constrict Ijyb.
Ijyb zaps a wand.
The bolt of acid hits you! You resist.
You are splashed with acid!
The acid burns!
You resist.
* * * LOW HITPOINT WARNING * * *
Ijyb misses you.
You hit Ijyb but do no damage. Your squeeze misses Ijyb.
Ijyb is severely wounded.
You constrict Ijyb.
Ijyb zaps a wand.
The bolt of acid hits you! You resist.
* * * LOW HITPOINT WARNING * * *
You are splashed with acid!
The acid burns!
You resist.
* * * LOW HITPOINT WARNING * * *
Ijyb zaps a wand.
The bolt of acid hits you! You resist.
You die...
Kikubaaqudgha rasps: "You have failed me!
Welcome... death!"

.# #.....#*,* *,,,,,,, .#
######.....#*,* ***,*,** ##
#...###....#*,* *,,,* ########
#...# #....#*,*****,***
.......# #...# #....#*,*,,,,,*
..)....# #...# ##..##,,,,*****
.......###...# #[.#*,,*,*
.............#####.##..#,*****
##**#......).#..@.......,,,,,*
.# #........#.##g..##.#******
.# #........#.#*....#,* .#
##........#.##....#.# .#
#...........##....#.# ##
#...........##......####
####.).........##?........#
...............##.#....##.#
###......#.##..##.#.#..##.##


You could see Ijyb.

Vanquished Creatures
  An ogre (D:5)
  2 centaurs (D:5)
  A bullfrog (D:3)
  A scorpion (D:4)
  A crimson imp (D:5)
  A bullfrog zombie (D:5)
  A bullfrog skeleton (D:5)
  A jelly (D:5)
  An iguana (D:5)
  5 worker ants
  4 gnolls (D:2)
  9 adders
  2 oozes (D:1)
  An adder zombie (D:4)
  3 worms
  4 dart slugs
  6 leopard geckos
  2 orcs (D:4)
  2 ball pythons
  2 giant cockroaches
  6 goblins
  8 hobgoblins
  6 jackals
  3 quokkas
  5 bats
  2 frilled lizards
  14 kobolds
  A leopard gecko skeleton (D:5)
  6 rats
101 creatures vanquished.

Notes
Turn   | Place    | Note
-------+----------+-------------------------------------------
     0 | D:1      | dududu the Octopode Fighter began the quest for the Orb.
     0 | D:1      | Reached XP level 1. HP: 16/16 MP: 1/1
   123 | D:1      | Reached skill level 1 in Stealth
   123 | D:1      | Reached XP level 2. HP: 14/21 MP: 2/2
   541 | D:1      | Reached XP level 3. HP: 26/26 MP: 3/3
  1335 | D:2      | Found an ancient bone altar of Kikubaaqudgha.
  1345 | D:2      | Became a worshipper of Kikubaaqudgha
  1469 | D:2      | Reached XP level 4. HP: 31/31 MP: 4/4
  1764 | D:2      | Found a snail-covered altar of Cheibriados.
  2114 | D:2      | Reached XP level 5. HP: 34/36 MP: 5/5
  2385 | D:3      | Reached * piety under Kikubaaqudgha
  2385 | D:3      | Identified Kikubaaqudgha's Guide on Darkness (Kikubaaqudgha gifted it to you on level 3 of the Dungeon)
  2385 | D:3      | Received a gift from Kikubaaqudgha
  2400 | D:3      | Learned a level 1 spell: Pain
  3029 | D:3      | Found a shadowy altar of Dithmenos.
  3182 | D:3      | Reached skill level 1 in Necromancy
  3182 | D:3      | Reached XP level 6. HP: 35/43 MP: 6/6
  3382 | D:4      | Noticed Menkaure
  3947 | D:4      | Noticed Ijyb
  3982 | D:5      | Entered Level 5 of the Dungeon
  4240 | D:5      | Reached skill level 5 in Stealth
  4242 | D:5      | Found a glowing golden altar of the Shining One.
  4572 | D:5      | Reached XP level 7. HP: 45/48 MP: 7/7
  4575 | D:5      | Found Dehiemou's Gadget Shop.
  4595 | D:5      | Bought a wand of confusion (21/48) for 172 gold pieces
  4739 | D:5      | Found an opulent altar of Gozag.
  4739 | D:5      | Found a glowing silver altar of Zin.
  4789 | D:5      | Found a burning altar of Makhleb.
  4798 | D:5      | Reached ** piety under Kikubaaqudgha
  4802 | D:5      | Learned a level 2 spell: Corpse Rot
  4972 | D:5      | Reached skill level 1 in Evocations
  5338 | D:5      | Found Aliekhemu's Jewellery Shop.
  5714 | D:5      | Reached skill level 5 in Shields
  5749 | D:4      | Reached XP level 8. HP: 47/54 MP: 8/8
  5983 | D:4      | Killed from afar by Ijyb

Vault maps used:
D:1:      minmay_arrival_four_loops, minmay_pentomino_q4
D:2:      kiku_gazebo_garden_becter, lemuel_doored_altar
D:3:      nicolae_overflow_crystal_walls, minmay_misc_feat_plants
D:4:      first_bread, uniq_ijyb, uniq_menkaure
D:5:      grunt_temple_overflow_gold_and_silver, lemuel_crystal_altar,
          nicolae_overflow_hidden_temple, serial_shops, shop,
          nicolae_shop_waterfront

Skill      XL: |  1  2  3  4  5  6  7 |
---------------+----------------------+-----
Stealth        | 1 2 3 4 5 |  5.4
Necromancy     | 1 3 |  3.2
Fighting       | 4 |  4.4
Dodging        | 4 |  4.0
Shields        | 4 5 |  5.1
Polearms       | 3 |  3.4
Evocations     | 1 |  1.3

Action                   |  1- 3 |  4- 6 |  7- 9 || total
-------------------------+-------+-------+-------++-------
Melee: Trident           |    64 |   143 |    33 ||   240
       Constrict         |    14 |    39 |     7 ||    60
       Tentacles         |     4 |    26 |     9 ||    39
 Fire: Hunting sling     |       |    30 |    29 ||    59
Throw: Stone             |    30 |    39 |     1 ||    70
 Cast: Pain              |       |       |     1 ||     1
  Use: Scroll            |       |     9 |       ||     9
       Potion            |       |       |     2 ||     2
 Stab: Sleeping          |     5 |     8 |     3 ||    16
  Eat: Chunk             |     2 |     9 |     5 ||    16
Armor: Skin              |     4 |     3 |       ||     7
Dodge: Dodged            |    15 |    47 |    15 ||    77
Block: Shield            |    13 |    53 |    13 ||    79

Table legend:
 A = Spawn XP
 B = Non-spawn XP
 C = Spawn XP percentage of total XP
 D = Spawn monster count
 E = Non-spawn monster count
 F = Spawn count percentage of total count
 G = Total turns spent on level
                    A         B        C        D         E        F      G
               +---------+---------+-------+---------+---------+-------+---------
         Total |       0 |    1218 |   0.0 |       0 |     101 |   0.0 |  5983
               +---------+---------+-------+---------+---------+-------+---------
           D:1 |       0 |      45 |   0.0 |       0 |      21 |   0.0 |  1072
           D:2 |       0 |     126 |   0.0 |       0 |      29 |   0.0 |  1138
           D:3 |       0 |     155 |   0.0 |       0 |      17 |   0.0 |  1092
           D:4 |       0 |     243 |   0.0 |       0 |      14 |   0.0 |   990
           D:5 |       0 |     649 |   0.0 |       0 |      20 |   0.0 |  1691
               +---------+---------+-------+---------+---------+-------+---------
